 Dungeon Crawl Stone Soup version 0.30.0-10-gfe55d96785 (webtiles) character file.

Game seed: 3582995446027006313

660 fozzywoppz the Trooper (level 7, -3/47 HPs)
             Began as a Gargoyle Fighter on May 13, 2023.
             Slain by a troll (4 damage)
             ... on level 5 of the Dungeon.
             The game lasted 00:06:19 (2700 turns).

fozzywoppz the Trooper (Gargoyle Fighter)           Turns: 2700, Time: 00:06:20

Health: -3/47      AC:  7    Str: 29    XL:     7   Next: 56%
Magic:  7/7        EV: 11    Int:  8    God:
Gold:   111        SH:  4    Dex: 11    Spells: 6/6 levels left

rFire   . . .        v - +0 flail (heavy)
rCold   . . .        c - +0 buckler
rNeg    + . .        o - +0 robe of the Onion {Str+3 Slay+2}
rPois   ∞            (no helmet)
rElec   +            (no cloak)
rCorr   .            (no gloves)
SInv    .            (no boots)
Will    .....        k - amulet of regeneration
Stlth   +            i - +6 ring of strength
HPRegen 1.07/turn    (no ring)
MPRegen 0.10/turn

%: no passive effects
@: no status effects
A: sickness immunity, AC +4, negative energy resistance 1, electricity
resistance, torment resistance 1, petrification resistance
a: no special abilities


You were on level 5 of the Dungeon.
You visited 1 branch of the dungeon, and saw 5 of its levels.

You collected 231 gold pieces.
You spent 120 gold pieces at shops.

Inventory:

Hand Weapons
 a - a +0 flail
 v - a +0 heavy flail (weapon)
Armour
 b - a +0 scale mail
 c - a +0 buckler (worn)
 h - a +1 chain mail
 o - the +0 robe of the Onion (worn) {Str+3 Slay+2}
   (You found it on level 2 of the Dungeon)

   Str:       It affects your strength (+3).
   Slay:      It affects your accuracy & damage with ranged weapons and melee
   (+2).
Jewellery
 i - a +6 ring of strength (left hand)
 j - a ring of fire
 k - an amulet of regeneration (around neck)
 s - a ring of fire
Wands
 r - a wand of flame (14)
 x - a wand of mindburst (12)
Scrolls
 u - a scroll of enchant weapon {unknown}
 w - a scroll of immolation {unknown}
Potions
 d - a potion of might
 e - a potion of heal wounds
 f - 3 potions of attraction
 g - a potion of lignification {unknown}
 l - a potion of haste
 m - a potion of berserk rage {unknown}
 n - 3 potions of degeneration {unknown}
 p - 2 potions of brilliance {unknown}
 q - 4 potions of curing {unknown}
 t - a potion of resistance {unknown}


   Skills:
 + Level 6.8 Fighting
 + Level 5.8 Maces & Flails
 - Level 3.5 Armour
 - Level 3.5 Shields


You had 6 spell levels left.
You didn't know any spells.
Your spell library contained the following spells:

 Spells                   Type           Power      Damage    Failure   Level
 Magic Dart               Conj           0%         1d3       45%         1
 Ensorcelled Hibernation  Hex/Ice        0%         N/A       58%         2
 Passwall                 Tmut/Erth      0%         N/A       58%         2
 Searing Ray              Conj           0%         2d4       58%         2
 Gell's Gravitas          Tloc           0%         N/A       83%         3
 Swiftness                Air            0%         N/A       83%         3
 Teleport Other           Tloc           0%         N/A       83%         3
 Fulminant Prism          Conj/Hex       0%         3d5       99%         4
 Summon Ice Beast         Ice/Summ       0%         N/A       99%         4
 Summon Mana Viper        Hex/Summ       0%         N/A       100%        5
 Dispersal                Tloc           0%         N/A       100%        6
 Monstrous Menagerie      Summ           0%         N/A       100%        7


Dungeon Overview and Level Annotations

Branches:
Dungeon (5/15)
 Temple: D:4-7

Altars:
Ashenzari
Hepliaklqana
Makhleb

Shops:
D:3 !??=[


Innate Abilities, Weirdness & Mutations

You are immune to sickness and miasma.
Your stone body is resilient. (AC +4)
You are immune to poison.
You resist negative energy. (rN+)
You are resistant to electric shocks. (rElec)
You are resistant to unholy torment.
You are immune to petrification.


Message History

The troll shouts!
The troll's mind is blasted!
Unknown command.
Aiming: Mindburst
Press: ? - help, Shift-Dir - straight line, f/p - troll
Aim: a troll (moderately wounded, chance to affect: 64%)
The troll's mind is blasted!
Unknown command.
You thump the troll!
The troll is severely wounded.
The troll bites you. The troll claws you but does no damage.
The troll claws you. The troll bites you! The troll barely misses you.
The troll misses you.
You hit the troll.
The troll is severely wounded.
The troll barely misses you. The troll claws you but does no damage.
The troll claws you.
Aiming: Mindburst
Press: ? - help, Shift-Dir - straight line, f/p - troll
Aim: a troll (severely wounded, chance to affect: 64%)
The troll's mind is blasted!
The troll bites you!
* * * LOW HITPOINT WARNING * * *
The troll claws you!
* * * LOW HITPOINT WARNING * * *
You block the troll's attack.
Okay, then.
You feel much better. The troll barely misses you.
You block the troll's attack. The troll claws you.
You closely miss the troll.
The troll is almost dead.
The troll closely misses you. The troll barely misses you.
The troll claws you but does no damage. The troll bites you!
* * * LOW HITPOINT WARNING * * *
You block the troll's attack. The troll closely misses you.
You hit the troll but do no damage.
The troll is severely wounded.
The troll bites you!
* * * LOW HITPOINT WARNING * * *
The troll claws you.
You die...

##................
+..................
#..................
##..............8.8
#................
#.............###
##...........##
###.........#
###....@.##
####.T## ##.# #..
#..# #..# ##.. ..


You could see a troll.

Vanquished Creatures
  A phantom (D:4)
  5 hounds
  An orc priest (D:4)
  A gnoll bouda (D:4)
  Natasha (thrice) (D:3)
  2 iguanas (D:4)
  2 orc wizards (D:4)
  A sleepcap (D:5)
  4 gnolls (D:4)
  5 adders (D:3)
  A worm (D:3)
  A dart slug (D:1)
  9 orcs
  9 ball pythons
  4 bats
  4 endoplasms
  6 goblins
  11 hobgoblins
  7 jackals
  A quokka (D:3)
  2 frilled lizards
  8 kobolds
  4 rats
92 creatures vanquished.

Notes
Turn   | Place    | Note
-------+----------+-------------------------------------------
     0 | D:1      | fozzywoppz the Gargoyle Fighter began the quest for the
                  | Orb.
     0 | D:1      | Reached XP level 1. HP: 14/14 MP: 1/1
   156 | D:1      | Reached XP level 2. HP: 14/19 MP: 2/2
   394 | D:1      | Reached XP level 3. HP: 23/23 MP: 3/3
   869 | D:2      | Reached skill level 4 in Fighting
   869 | D:2      | Reached XP level 4. HP: 29/29 MP: 4/4
   873 | D:2      | Identified the +0 robe of the Onion {Str+3 Slay+2}
  1185 | D:3      | Found Dain's Magic Scroll Boutique.
  1229 | D:3      | Found Epheyrot's Magic Scroll Emporium.
  1229 | D:3      | Found a broken altar of Ashenzari.
  1307 | D:3      | Reached XP level 5. HP: 31/34 MP: 5/5
  1323 | D:3      | Found a burning altar of Makhleb.
  1325 | D:3      | Noticed Natasha
  1347 | D:3      | Found Maf Dek's Antique Armour Boutique.
  1492 | D:3      | Found Dieffata's Jewellery Shop.
  1555 | D:3      | Killed Natasha
  1615 | D:3      | Reached skill level 5 in Fighting
  1704 | D:3      | Noticed Natasha
  1705 | D:3      | Found Danog's Distillery.
  1710 | D:3      | Killed Natasha
  1716 | D:3      | Bought a potion of haste for 120 gold pieces
  1728 | D:3      | Noticed Natasha
  1735 | D:3      | Killed Natasha
  1945 | D:3      | Found a hazy altar of Hepliaklqana.
  1988 | D:4      | Reached XP level 6. HP: 38/40 MP: 6/6
  2075 | D:4      | Reached skill level 6 in Fighting
  2078 | D:4      | Reached skill level 5 in Maces & Flails
  2087 | D:4      | Reached XP level 7. HP: 43/46 MP: 7/7
  2661 | D:5      | Entered Level 5 of the Dungeon
  2690 | D:5      | Noticed a troll
  2700 | D:5      | HP: 1/47 [troll (14)]
  2700 | D:5      | Slain by a troll

Illustrated notes

Levels and vault maps discovered:
D:1:      scummos_arrival_checkerplants, layout_loops_cross
D:2:      layout_rooms
D:3:      layout_loops_cross, lemuel_tele_altar, nicolae_ashenzari_panopticon,
          mainiacjoe_overflow_alcove_2, serial_shops,
          nicolae_shop_pleasant_corner_grove, nicolae_shop_just_a_little_nook,
          nicolae_shop_tiny_statue_garden, shop, nicolae_shop_advertising_works
          [nicolae_subvault_shop_adworks], kennysheep_minor_cross, uniq_natasha
D:4:      layout_loops_ring
D:5:      layout_cave_pods, overflow_temple_1_default, serial_shops,
          nicolae_shop_hallway_plus, serial_column_ruins,
          column_ruins_open_small, column_ruins_grid_4, column_ruins_open_tiny,
          column_ruins_grid_1, column_ruins_open_tiny_water,
          column_ruins_columns_corner, column_ruins_corridor_T

Skill      XL: |  1  2  3  4  5  6 |
---------------+-------------------+-----
Fighting       | 4 5 6 |  6.8
Maces & Flails | 3 4 5 |  5.8
Armour         | |  3.5
Shields        | |  3.5

Action                     |  1- 3 |  4- 6 |  7- 9 || total
---------------------------+-------+-------+-------++-------
  Melee: Flail             |   144 |   109 |   102 ||   355
  Evoke: Wand              |       |       |     3 ||     3
    Use: Scroll            |       |     5 |       ||     5
         Potion            |       |       |     1 ||     1
 Armour: Scale mail        |    99 |     2 |       ||   101
         Robe              |       |    36 |    35 ||    71
  Dodge: Dodged            |    87 |    68 |    48 ||   203
  Block: Buckler           |    33 |    17 |    22 ||    72
